 Dungeon Crawl Stone Soup version 0.27-a0-1137-g3ef0f4ec91 (webtiles) character file.

Game seed: 7999173598207202691

93879 Feb132020 the Devastator (level 16, -22/88 HPs)
             Began as a Tengu Fire Elementalist on May 3, 2021.
             Was a High Priest of Sif Muna.
             Annihilated by Rupert
             ... wielding a +0 great mace of protection
              (30 damage)
             ... on level 3 of the Lair of Beasts on May 6, 2021.
             The game lasted 04:22:12 (33862 turns).

Feb132020 the Devastator (Tengu Fire Elementalist) Turns: 33862, Time: 04:22:13

Health: -22/88     AC:  9    Str: 12    XL:     16   Next: 9%
Magic:  3/34       EV: 22    Int: 18    God:    Sif Muna [*****.]
Gold:   1109       SH:  7    Dex: 27    Spells: 10/41 levels left

rFire    . . .     SeeInvis +   a - +2 mace "Piluyrr" {vamp, +Blink rElec Str+3 Int-4}
rCold    + . .     Faith    .   j - +0 buckler
rNeg     . . .     Spirit   .   S - +3 robe of Clouds {+Thunder rCloud rElec}
rPois    +         Reflect  .   k - +1 hat
rElec    +         Harm     .   Y - scarf {rC+ rF+}
rCorr    .         Rampage  .   T - +2 pair of gloves of Zauph {+Inv rPois rF-}
Will     +....                  (boots unavailable)
Stlth    ++++......             N - amulet of Tayp {RegenMP SInv}
HPRegen  0.24/turn              A - +6 ring of dexterity
MPRegen  0.49/turn              y - +6 ring of dexterity

@: flying quickly and evasively, studying 2 skills, quick
A: beak, talons 3, nimble flight, see invisible, poison resistance
a: Renounce Religion, Evoke Blink, Evoke Thunderclouds, Evoke Invisibility,
Channel Magic, Forget Spell, Divine Exegesis


You were on level 3 of the Lair of Beasts.
You worshipped Sif Muna.
Sif Muna was extremely pleased with you.
You visited 4 branches of the dungeon, and saw 24 of its levels.
You also visited: Bailey.

You collected 2356 gold pieces.
You spent 1247 gold pieces at shops.

Inventory:

Hand Weapons
 a - the +2 mace "Piluyrr" (weapon) {vamp, +Blink rElec Str+3 Int-4}
   (You bought it in a shop on level 8 of the Dungeon)

   It inflicts no extra harm, but heals its wielder when it wounds a living foe.
   It affects your strength (+3).
   It affects your intelligence (-4).
   It insulates you from electricity.
   It lets you blink.
Missiles
 s - 4 curare-tipped darts
 u - 6 throwing nets
 K - 3 boomerangs of dispersal
Armour
 f - a +0 cloak
 j - a +0 buckler (worn)
 k - a +1 hat (worn)
 l - +0 steam dragon scales
 m - a +2 robe of willpower
 P - a +2 robe of positive energy
 S - the +3 robe of Clouds (worn) {+Thunder rCloud rElec}
   (You bought it in a shop on level 8 of the Dungeon)

   It insulates you from electricity.
 T - the +2 pair of gloves of Zauph (worn) {+Inv rPois rF-}
   (You bought it in a shop on level 8 of the Dungeon)

   It makes you vulnerable to fire.
   It protects you from poison.
   It lets you turn invisible.
 Y - a scarf of resistance (worn)
Jewellery
 i - an amulet of regeneration
 t - an amulet of guardian spirit
 x - a ring of fire
 y - a +6 ring of dexterity (right hand)
 A - a +6 ring of dexterity (left hand)
 B - an amulet of the acrobat
 C - a +6 ring of dexterity
 L - a ring of ice
 M - a +4 ring of evasion
 N - the amulet of Tayp (around neck) {RegenMP SInv}
   (You found it on level 3 of the Lair of Beasts)

   [amulet of magic regeneration]

   It increases your rate of magic regeneration.
   It lets you see invisible.
 Z - a ring of wizardry
Wands
 d - a wand of acid (15)
 r - a wand of iceblast (2)
 w - a wand of flame (41)
 E - a wand of paralysis (13)
 H - a wand of polymorph (27)
 R - a wand of mindburst (17)
 U - a wand of digging (6)
Scrolls
 b - a scroll of identify
 c - 4 scrolls of silence
 h - 7 scrolls of teleportation
 F - 4 scrolls of enchant armour
 I - a scroll of holy word
 Q - 2 scrolls of fog
 W - 3 scrolls of enchant weapon
 X - 2 scrolls of amnesia
Potions
 e - 2 potions of resistance
 n - 3 potions of brilliance
 o - a potion of cancellation
 p - 3 potions of might
 q - 2 potions of mutation
 v - 4 potions of haste
 z - 4 potions of curing
 D - 2 potions of ambrosia
 G - a potion of magic
 V - a potion of invisibility
Miscellaneous
 g - a box of beasts
 O - a phantom mirror


   Skills:
 * Level 5.5 Fighting
 + Level 6.9(7.0) Maces & Flails
 + Level 1.2(4.4) Staves
 + Level 6.6 Dodging
 + Level 6.5 Stealth
 * Level 4.0 Shields
 + Level 13.2 Spellcasting
 + Level 16.0 Conjurations
 + Level 0.2 Hexes
 + Level 0.7 Translocations
 + Level 12.8 Fire Magic
 * Level 15.2 Air Magic
 - Level 1.0 Poison Magic
 * Level 1.6 Invocations
 + Level 0.7 Evocations


You had 10 spell levels left.
You knew the following spells:

 Your Spells              Type           Power      Damage    Failure   Level
a - Magic Dart            Conj           100%       1d8       0%          1
b - Foxfire               Conj/Fire      100%       2x1d9     0%          1
c - Mephitic Cloud        Conj/Pois/Air  50%        N/A       1%          3
d - Poisonous Vapours     Pois/Air       82%        N/A       1%          2
e - Fireball              Conj/Fire      29%        3d13      1%          5
f - Iskenderun's Mystic   Conj/Tloc      42%        2d10      1%          4
g - Conjure Flame         Conj/Fire      59%        6-21      1%          3
i - Iskenderun's Battles  Conj           63%        2d11      1%          5
s - Sticky Flame          Conj/Fire      59%        2d7       1%          4
z - Dazzling Flash        Conj/Hex       82%        N/A       1%          3

Your spell library contained the following spells:

 Spells                   Type           Power      Damage    Failure   Level
 Static Discharge         Conj/Air       62%        N/A       0%          2
 Inner Flame              Hex/Fire       35%        N/A       1%          3
 Hailstorm                Conj/Ice       40%        3d10      1%          4
 Lightning Bolt           Conj/Air       31%        1d48      1%          5
 Conjure Ball Lightning   Conj/Air       31%        3x3d10    1%          6
 Ignite Poison            Fire/Tmut/Pois 28%        N/A       2%          3
 Starburst                Conj/Fire      29%        8x6d9     2%          6
 Bolt of Magma            Conj/Fire/Erth 23%        4d11      3%          5
 Apportation              Tloc           28%        N/A       4%          1
 Corona                   Hex            13%        N/A       4%          1
 Sting                    Tmut/Pois      52%        1d5       4%          1
 Animate Skeleton         Necr           22%        N/A       6%          1
 Freeze                   Ice            44%        1d6       6%          1
 Summon Small Mammal      Summ           44%        N/A       6%          1
 Blink                    Tloc           N/A        N/A       6%          2
 Orb of Destruction       Conj           31%        9d12      7%          7
 Ensorcelled Hibernation  Hex/Ice        24%        N/A       9%          2
 Teleport Other           Tloc           14%        N/A       12%         3
 Freezing Cloud           Conj/Ice/Air   24%        6-21      12%         6
 Portal Projectile        Hex/Tloc       26%        N/A       14%         3
 Spider Form              Tmut/Pois      6%         N/A       14%         3
 Confusing Touch          Hex            12%        N/A       16%         3
 Tukima's Dance           Hex            12%        N/A       16%         3
 Frozen Ramparts          Ice            22%        1d4       17%         3
 Ozocubu's Armour         Ice            11%        N/A       17%         3
 Iron Shot                Conj/Erth      20%        9d5       32%         6
 Olgreb's Toxic Radiance  Pois           15%        N/A       36%         4
 Summon Ice Beast         Ice/Summ       11%        N/A       50%         4
 Chain Lightning          Conj/Air       31%        N/A       52%         8
 Alistair's Intoxication  Tmut/Pois      8%         N/A       77%         5
 Metabolic Englaciation   Hex/Ice        6%         N/A       83%         5
 Spellforged Servitor     Conj/Summ      20%        N/A       87%         7
 Ignition                 Fire           27%        3d9       88%         8
 Dispersal                Tloc           7%         N/A       99%         6
 Statue Form              Tmut/Erth      7%         N/A       100%        6
 Ozocubu's Refrigeration  Ice            5%         4d6       100%        7
 Shatter                  Erth           5%         3d8*      100%        9
 Tornado                  Air            30%        N/A       100%        9


Dungeon Overview and Level Annotations

Branches:
Dungeon (15/15)            Temple (0/1) D:6            Lair (3/6) D:10
  Swamp (4/4) Lair:2        Snake (0/4) Lair:3          Orc (2/2) D:10
    Elf (0/3) Orc:2        Vaults (0/5) D:14         Bailey (visited)
 Depths: D:15

Altars:
Cheibriados
Fedhas
Gozag
Kikubaaqudgha
Nemelex Xobeh
Okawaru
Ru
Sif Muna
Uskayaw
Vehumet
Yredelemnul
Zin
The Shining One
Beogh

Shops:
D:8 ([   D:10 ?   D:13 :   Orc:2 [!==

Annotations:
D:2 1 runed translucent door, Crazy Yiuf
D:11 Fannar
Lair:3 Gastronok, Rupert
Swamp:2 Roxanne


Innate Abilities, Weirdness & Mutations

You have a beak for a mouth.
You have claws for feet.
Your magical nature lets you fly swiftly and evasively.
You have supernaturally acute eyesight. (SInv)
Your system is resistant to poisons. (rPois)


Message History

Aiming: Fireball (mildly dangerous; 1% risk of failure)
Press: ? - help, Shift-Dir - straight line, p - Rupert The fireball explodes!
The fireball engulfs Rupert.
Rupert is heavily wounded.
Rupert burns!
Rupert hits you with a +0 great mace of protection!!
Your battlesphere fires!
The barrage of energy hits Rupert!
Rupert is severely wounded.
Casting: Fireball (mildly dangerous; 1% risk of failure)
Confirm with . or Enter, or press ? or * to list all spells.
Aiming: Fireball (mildly dangerous; 1% risk of failure)
Press: ? - help, Shift-Dir - straight line The fireball explodes!
The fireball engulfs Rupert!
Rupert is severely wounded.
Rupert burns!
Rupert stops burning.
Your battlesphere fires!
The barrage of energy hits Rupert but does no damage.
Rupert is severely wounded.
Rupert completely misses you.
Rupert hits you with a +0 great mace of protection!!
* * * LOW HITPOINT WARNING * * *
Okay, then.
Casting: Fireball (mildly dangerous; 1% risk of failure)
Confirm with . or Enter, or press ? or * to list all spells.
Aiming: Fireball (mildly dangerous; 1% risk of failure)
Press: ? - help, Shift-Dir - straight line The fireball explodes!
The fireball engulfs Rupert!
Rupert is almost dead.
Your battlesphere fires!
The barrage of energy hits Rupert but does no damage.
Rupert is almost dead.
Your battlesphere expends the last of its energy and dissipates.
Rupert closely misses you.
Okay, then.
You block Rupert's attack.
There is an open door here.
Rupert misses you.
Rupert hits you with a +0 great mace of protection!!
You die...

####### ###### #####
#.....# #..#.###.P#.
##....######..........#
#.....###..#...........
#.....##...............
#P........##...........
#........#.#..........#
#.....@.#####.P..##.###
#....@### ###.#####
###...# ##.# ### #..###
#..# ###.###.'..# #.##
#.°.......## #.#
##........## #.# ###
#.........# ##.#####.##
##.........#
##...##.....


You could see Rupert (berserk).

Vanquished Creatures
  A storm dragon (D:13)
  An azure jelly (Swamp:4)
  A fenstrider witch (Swamp:3)
  3 bunyips
  A crystal guardian (D:13)
  6 eleionomae
  2 shambling mangroves
  Erolcha (D:9)
  5 ogre magi
  A centaur warrior (D:14)
  A ghost crab (Swamp:3)
  A spriggan air mage (Swamp:3)
  A catoblepas (Lair:2)
  10 hydras
  7 two-headed ogres
  6 alligators
  A tengu warrior (D:13)
  Urug (Orc:2)
  A hell knight (D:13)
  Nergalle (Orc:2)
  2 skeletal warriors (D:14)
  3 goliath frogs
  4 spriggan druids
  4 bog bodies
  2 swamp dragons
  2 wizards
  An orc knight (Orc:1)
  Pikel (D:6)
  A deep elf zephyrmancer (D:13)
  An oklob plant (Lair:2)
  4 ugly things
  A manticore (D:14)
  3 cyclopes
  9 orc sorcerers
  3 will-o-the-wisps
  4 elephants (Lair:2)
  A black mamba (Lair:2)
  4 cane toads
  2 gargoyles
  Maggie (D:6)
  3 rime drakes
  3 centaur skeletons (D:14)
  A kobold demonologist (D:10)
  Psyche (D:9)
  2 komodo dragons
  A tengu conjurer (D:13)
  A bloated husk (Swamp:3)
  Prince Ribbit (D:6)
  9 tyrant leeches
  A polar bear (Lair:3)
  2 meliai (shapeshifter)
  6 trolls
  7 hornets
  A raiju (shapeshifter) (D:14)
  A harpy skeleton (D:14)
  4 blink frogs (Lair:1)
  A redback (shapeshifter) (D:13)
  A centaur simulacrum (D:13)
  12 spriggans
  Sigmund (D:6)
  3 wyverns
  3 wraiths
  A vampire (D:11)
  29 yaks
  2 steam dragons
  14 vampire mosquitoes
  5 basilisks
  A redback simulacrum (D:14)
  13 swamp worms
  2 wargs
  3 acid dragons
  A hydra simulacrum (Swamp:4)
  2 nagas (Lair:3)
  11 water moccasins
  26 orc warriors
  5 black bears
  An ice beast (D:5)
  A boggart (D:14)
  A necrophage (D:4)
  8 ogres
  6 wolves (Lair:1)
  24 centaurs
  A lemure (D:6)
  A phantom (D:6)
  Blork the orc (D:6)
  5 kobold brigands
  4 gnoll sergeants
  13 bullfrogs
  3 scorpions
  A wyvern skeleton (D:7)
  12 killer bees
  A howler monkey (D:8)
  An electric eel (Lair:3)
  6 centaur zombies
  A jelly (D:8)
  A bullfrog skeleton (D:4)
  2 bullfrog zombies
  3 hounds (D:8)
  9 orc priests
  2 gnoll shamans (D:8)
  35 orc wizards
  An iguana (D:5)
  2 howler monkey zombies (D:8)
  8 adders
  25 gnolls
  A shadow imp (D:6)
  3 white imps
  An ufetubus (D:4)
  A worm (D:3)
  2 dart slugs
  79 orcs
  8 bats
  8 endoplasms
  9 giant cockroaches
  11 goblins
  11 hobgoblins
  3 jackals (D:8)
  16 kobolds
  3 quokkas
  9 ball pythons
  A frilled lizard (D:3)
  4 rats
634 creatures vanquished.

Vanquished Creatures (collateral kills)
  A centaur (D:8)
  A kobold brigand (D:8)
  A howler monkey (D:8)
  A gnoll (D:8)
  An orc (D:8)
  A jackal (D:8)
  A kobold (D:8)
  9 foxfires
16 creatures vanquished.

Vanquished Creatures (others)
  A spriggan druid (Swamp:4)
  A wraith (D:13)
  A swamp worm (Swamp:4)
  2033 foxfires
  41 fungi
  84 plants
2161 creatures vanquished.

Grand Total: 2811 creatures vanquished

Notes
Turn   | Place    | Note
-------+----------+-------------------------------------------
     0 | D:1      | Feb132020 the Tengu Fire Elementalist began the quest for
                  | the Orb.
     0 | D:1      | Reached XP level 1. HP: 10/10 MP: 4/4
   339 | D:1      | You fall into a shaft and drop 1 floor!
   353 | D:2      | Reached XP level 2. HP: 15/15 MP: 3/6
   541 | D:2      | Reached XP level 3. HP: 19/19 MP: 5/7
  1323 | D:2      | Learned a level 3 spell: Conjure Flame
  1632 | D:2      | Found a runed translucent door.
  1633 | D:2      | Noticed Crazy Yiuf
  1996 | D:3      | Reached XP level 4. HP: 24/24 MP: 5/8
  2400 | D:3      | You are sucked into a shaft and drop 1 floor!
  2618 | D:3      | Found a faded altar of an unknown god.
  2967 | D:3      | Reached skill level 2 in Conjurations
  2988 | D:3      | Gained mutation: Your magical nature lets you fly swiftly
                  | and evasively. [Tengu growth]
  2988 | D:3      | Reached XP level 5. HP: 28/28 MP: 4/11
  3501 | D:4      | Reached skill level 5 in Fire Magic
  3501 | D:4      | Reached XP level 6. HP: 32/32 MP: 4/12
  3674 | D:4      | Noticed a necrophage
  3679 | D:4      | Killed a necrophage
  3680 | D:4      | Reached skill level 3 in Conjurations
  3923 | D:4      | Found a basalt altar of Yredelemnul.
  4036 | D:4      | Found a glowing golden altar of the Shining One.
  4036 | D:4      | Found an ancient bone altar of Kikubaaqudgha.
  4129 | D:4      | Found a shimmering blue altar of Sif Muna.
  4132 | D:4      | Became a worshipper of Sif Muna the Loreminder
  4331 | D:5      | Entered Level 5 of the Dungeon
  4528 | D:5      | Reached skill level 4 in Conjurations
  4528 | D:5      | Reached XP level 7. HP: 36/36 MP: 10/14
  5179 | D:6      | Noticed Sigmund
  5186 | D:6      | Killed Sigmund
  5187 | D:6      | Reached skill level 5 in Conjurations
  5205 | D:6      | Noticed Pikel
  5644 | D:6      | Noticed Maggie
  5649 | D:6      | Reached skill level 5 in Spellcasting
  5649 | D:6      | Reached skill level 6 in Conjurations
  5649 | D:6      | Reached XP level 8. HP: 40/41 MP: 8/16
  5670 | D:6      | Killed Maggie
  5798 | D:6      | Noticed Blork the orc
  5817 | D:6      | Killed Blork the orc
  5874 | D:6      | Found a staircase to the Ecumenical Temple.
  5936 | D:6      | Reached skill level 7 in Conjurations
  5962 | D:6      | Noticed Prince Ribbit
  5973 | D:6      | Killed Prince Ribbit
  6166 | D:6      | Killed Pikel
  6167 | D:6      | Reached skill level 8 in Conjurations
  6167 | D:6      | Reached XP level 9. HP: 45/45 MP: 11/19
  6387 | D:6      | Learned a level 4 spell: Sticky Flame
  6444 | D:7      | Learned a level 2 spell: Poisonous Vapours
  6479 | D:7      | Reached * piety under Sif Muna
  6522 | D:7      | Learned a level 3 spell: Mephitic Cloud
  6581 | D:7      | Reached skill level 1 in Air Magic
  6677 | D:7      | Reached skill level 9 in Conjurations
  7035 | D:7      | Found a sacrificial altar of Ru.
  7491 | D:8      | Noticed a two-headed ogre
  7702 | D:8      | Killed a two-headed ogre
  7703 | D:8      | Reached skill level 1 in Fighting
  7703 | D:8      | Reached skill level 1 in Staves
  7703 | D:8      | Reached skill level 10 in Conjurations
  7703 | D:8      | Reached XP level 10. HP: 40/52 MP: 10/22
  7837 | D:8      | Noticed a two-headed ogre
  7859 | D:8      | Killed a two-headed ogre
  7859 | D:8      | Reached ** piety under Sif Muna
  7860 | D:8      | Reached skill level 5 in Air Magic
  7860 | D:8      | Reached skill level 1 in Poison Magic
  8383 | D:8      | Found Olod Rei's Antique Weapon Emporium.
  8390 | D:8      | Bought a steaming mace for 224 gold pieces
  8390 | D:8      | Identified the +2 mace "Piluyrr" {vamp, +Blink rElec Str+3
                  | Int-4} (You bought it in a shop on level 8 of the Dungeon)
  8477 | D:8      | Found Gafaurph's Antique Armour Boutique.
  8632 | D:8      | Found a hide-covered altar of Uskayaw.
  8632 | D:8      | Found a snail-covered altar of Cheibriados.
  9023 | D:9      | Noticed Psyche
  9029 | D:9      | Killed Psyche
  9030 | D:9      | Reached skill level 1 in Maces & Flails
  9069 | D:9      | Identified the +1 robe of Hopscotch {Harm Rampage +Inv
                  | Str-3}
  9178 | D:9      | Noticed Erolcha
  9192 | D:9      | Killed Erolcha
  9193 | D:9      | Reached skill level 11 in Conjurations
  9238 | D:9      | Reached XP level 11. HP: 24/56 MP: 10/24
  9557 | D:9      | Learned a level 3 spell: Dazzling Flash
  9563 | D:9      | Learned a level 5 spell: Fireball
  9608 | D:9      | Noticed a two-headed ogre
  9615 | D:9      | Killed a two-headed ogre
  9751 | D:9      | Reached *** piety under Sif Muna
  9898 | D:9      | Found an iron altar of Okawaru.
  9901 | D:9      | You are sucked into a shaft and drop 3 floors!
 10024 | D:11     | Noticed a two-headed ogre
 10034 | D:11     | Noticed Fannar
 10042 | D:11     | Killed a two-headed ogre
 10290 | D:12     | Noticed a purple ugly thing
 10293 | D:12     | Noticed a white ugly thing
 10325 | D:12     | Killed a purple ugly thing
 10345 | D:12     | Killed a purple ugly thing
 10478 | D:12     | Noticed a red ugly thing
 10789 | D:12     | Reached skill level 10 in Fire Magic
 12420 | D:11     | Noticed a two-headed ogre
 12432 | D:11     | Killed a two-headed ogre
 12433 | D:11     | Reached skill level 12 in Conjurations
 12511 | D:11     | Reached XP level 12. HP: 43/63 MP: 21/26
 12546 | D:11     | Noticed a six-headed hydra
 12558 | D:11     | Killed a six-headed hydra
 12558 | D:11     | Reached **** piety under Sif Muna
 12565 | D:10     | Entered Level 10 of the Dungeon
 12644 | D:10     | Found a glowing silver altar of Zin.
 13364 | D:10     | Found Rokoikh's Magic Scroll Shop.
 13405 | D:10     | Bought a scroll of identify for 22 gold pieces
 13405 | D:10     | Bought a scroll of identify for 22 gold pieces
 13522 | D:10     | Found an opulent altar of Gozag.
 13635 | D:10     | Found a staircase to the Lair.
 14009 | D:10     | Reached skill level 5 in Dodging
 14087 | D:10     | Gained mutation: Your system is resistant to poisons.
                  | (rPois) [potion of mutation]
 14087 | D:10     | Gained mutation: You have supernaturally acute eyesight.
                  | (SInv) [potion of mutation]
 14104 | D:10     | Found a staircase to the Orcish Mines.
 14109 | D:10     | Upgraded the game from 0.27-a0-1122-g2a214b436d to
                  | 0.27-a0-1135-g81dfa19a63
 14154 | Lair:1   | Entered Level 1 of the Lair of Beasts
 14390 | Lair:1   | Reached skill level 10 in Spellcasting
 14527 | Lair:1   | Noticed a four-headed hydra
 14597 | Lair:1   | Killed a four-headed hydra
 14957 | Lair:1   | Reached ***** piety under Sif Muna
 15217 | Lair:2   | Noticed a catoblepas
 15321 | Lair:2   | Noticed a six-headed hydra
 15343 | Lair:2   | Reached skill level 10 in Air Magic
 15346 | Lair:2   | Reached skill level 5 in Stealth
 15352 | Lair:1   | Killed a six-headed hydra
 15477 | Lair:1   | Identified Ciett's Incunabulum of Displaced Snow (Sif Muna
                  | gifted it to you on level 1 of the Lair of Beasts)
 15477 | Lair:1   | Received a gift from Sif Muna
 15665 | Lair:1   | Reached XP level 13. HP: 23/69 MP: 10/28
 15773 | Lair:2   | Found a staircase to the Swamp.
 16000 | Lair:2   | Reached skill level 13 in Conjurations
 16582 | Lair:2   | Found a blossoming altar of Fedhas.
 16762 | Lair:2   | Reached skill level 5 in Maces & Flails
 17410 | Lair:3   | Noticed Gastronok
 17564 | Lair:3   | Identified the amulet of Tayp {RegenMP SInv}
 17587 | Lair:3   | Found a staircase to the Snake Pit.
 18188 | Lair:3   | Identified the +2 helmet of Going Fast {Will++}
 18239 | Lair:3   | Noticed Rupert
 18644 | Orc:1    | Entered Level 1 of the Orcish Mines
 19261 | Orc:2    | Entered Level 2 of the Orcish Mines
 19279 | Orc:2    | Noticed Urug
 19477 | Orc:2    | Killed Urug
 20152 | Orc:1    | Identified Namylaeq's Grimoire of Attacks and Moulding (Sif
                  | Muna gifted it to you on level 1 of the Orcish Mines)
 20152 | Orc:1    | Received a gift from Sif Muna
 20491 | Orc:1    | Learned a level 5 spell: Iskenderun's Battlesphere
 20941 | Orc:2    | Found a staircase to the Elven Halls.
 21073 | Orc:2    | Paralysed by an ogre mage for 5 turns
 21142 | Orc:2    | Reached XP level 14. HP: 76/76 MP: 24/30
 21183 | Orc:2    | Found a radiant altar of Vehumet.
 21208 | Orc:2    | Found Eruhothreupo's Distillery.
 21224 | Orc:2    | Noticed Nergalle
 21266 | Orc:2    | Killed Nergalle
 21568 | Orc:2    | Found Zotoolaz's Antique Armour Shoppe.
 21575 | Orc:2    | Found an ancient bone altar of Kikubaaqudgha.
 21723 | Orc:2    | Found Amacy's Jewellery Shoppe.
 21725 | Orc:2    | Found Beseiric's Jewellery Shoppe.
 22070 | Swamp:1  | Entered Level 1 of the Swamp
 22071 | Swamp:1  | Upgraded the game from 0.27-a0-1135-g81dfa19a63 to
                  | 0.27-a0-1136-g0b992a5a9d
 22387 | Swamp:1  | Reached skill level 1 in Shields
 22634 | Swamp:1  | Learned a level 4 spell: Iskenderun's Mystic Blast
 22703 | Swamp:1  | Reached skill level 14 in Conjurations
 23471 | D:8      | Bought the +3 robe of Clouds {+Thunder rCloud rElec} for
                  | 742 gold pieces
 23471 | D:8      | Found the +3 robe of Clouds {+Thunder rCloud rElec}
 23471 | D:8      | Bought a pair of shimmering gloves for 237 gold pieces
 23471 | D:8      | Identified the +2 pair of gloves of Zauph {+Inv rPois rF-}
                  | (You bought it in a shop on level 8 of the Dungeon)
 24611 | Swamp:2  | Identified Sif Muna's Tome of Mutagenic Confrontation (Sif
                  | Muna gifted it to you on level 2 of the Swamp)
 24611 | Swamp:2  | Received a gift from Sif Muna
 24643 | Swamp:2  | Learned a level 1 spell: Magic Dart
 24835 | Swamp:2  | Noticed Roxanne
 25194 | Swamp:3  | Noticed a fenstrider witch
 25526 | Swamp:3  | Paralysed by a fenstrider witch for 3 turns
 25529 | Swamp:3  | Killed a fenstrider witch
 25641 | Swamp:3  | Reached XP level 15. HP: 80/80 MP: 25/32
 26233 | Swamp:3  | Reached skill level 15 in Conjurations
 26751 | Swamp:4  | Entered Level 4 of the Swamp
 28556 | Swamp:4  | Noticed an azure jelly
 28581 | Swamp:4  | Killed an azure jelly
 28590 | Swamp:4  | Noticed a tentacled monstrosity
 29950 | D:13     | Noticed a storm dragon
 29966 | D:13     | HP: 2/80 [storm dragon/bolt of lightning (11)]
 29968 | D:13     | Killed a storm dragon
 29969 | D:13     | Reached skill level 15 in Air Magic
 30710 | D:13     | Found Qyur's Book Emporium.
 31226 | D:14     | Found a flagged portal.
 31241 | Bailey   | Entered a bailey
 32289 | D:14     | Found a sparkling altar of Nemelex Xobeh.
 32453 | D:14     | Reached skill level 5 in Fighting
 32587 | D:14     | Reached skill level 1 in Invocations
 32649 | D:14     | Received a gift from Sif Muna
 32652 | D:14     | Reached XP level 16. HP: 87/87 MP: 27/34
 32862 | D:14     | Reached skill level 16 in Conjurations
 32935 | D:14     | Found a gate to the Vaults.
 33525 | D:14     | Upgraded the game from 0.27-a0-1136-g0b992a5a9d to
                  | 0.27-a0-1137-g3ef0f4ec91
 33541 | D:15     | Entered Level 15 of the Dungeon
 33862 | Lair:3   | Annihilated by Rupert

Illustrated notes

Levels and vault maps discovered:
D:1:      kilobyte_arrival_exit_the_forest, layout_loops_ring, minivault_25
D:2:      layout_rooms, uniq_crazy_yiuf_cottage
D:3:      layout_basic, basic_ecumenical_altar
D:4:      layout_loops_ring, lemuel_blue_sif_altar,
          gammafunk_temple_overflow_pools, nicolae_overflow_crystal_walls,
          serial_bayou, serial_bayou_lake_a, serial_bayou_lagoon_a,
          serial_bayou_pond_a, serial_bayou_ford_a, serial_bayou_shore_b
D:5:      layout_cave_pods, hangedman_decor_clover_reticule
D:6:      layout_basic, minmay_temple_entry_grid, uniq_prince_ribbit1,
          uniq_maggie, uniq_blork_the_orc, uniq_sigmund, uniq_pikel
D:7:      layout_rooms, old_standard_altar
D:8:      layout_cave_pools, gammafunk_temple_overflow_elements, serial_shops,
          shop, serial_gnoll_camp, gnoll_camp_mini_house, gnoll_camp_medium_02,
          gnoll_camp_mini_shop, gnoll_camp_mini_basic, moated_statue
D:9:      layout_big_octagon, okawaru_metal_pillars_1_2,
          guppyfry_early_elven_hall, uniq_psyche, uniq_erolcha
D:10:     layout_loops_ring, nicolae_gozag_seed_capital, amcnicky_altar_gilded,
          grunt_lair_entry_orc_guard_hut, david_orc_4, serial_shops,
          nicolae_shop_window_shopping
D:11:     layout_gridville, uniq_fannar
D:12:     layout_basic
D:13:     minmay_sliced_demisemicircle, layout_basic, serial_shops, shop,
          serial_curves, eino_curves_03, eino_curves_02, eino_curves_01
D:14:     layout_stronghold, hangedman_vaults_entry_quadrant_bands,
          nemelex_spade_bored_becter, enter_bailey_4
D:15:     hangedman_depths_entry_civil_slaughter, layout_grid_maze
Lair:1:   layout_roguey
Lair:2:   layout_cave_shapes, skrybe_swamp_entry_bodies, tgw_fedhas,
          grunt_megastairs_3
Lair:3:   layout_roguey, guppyfry_snake_entry_garden, worms_lemuel,
          infiniplex_staircase_pool, lemuel_fruit_tree,
          minmay_lair_oklob_chamber, uniq_gastronok, uniq_rupert
Swamp:1:  layout_falls_marsh, evilmike_swamp_ruin_house_6
Swamp:2:  layout_basic_swamp, evilmike_swamp_ruin_rubble_2,
          infiniplex_staircase_pool_2, uniq_roxanne
Swamp:3:  layout_basic_swamp, evilmike_swamp_ruin_house_3,
          statue_in_the_mist_lemuel
Swamp:4:  swamp_icy, layout_basic_swamp, swamp_pool3,
          nicolae_swamp_hydra_murder_den
Orc:1:    layout_diamond_mine, basic_altar
Orc:2:    kennysheep_orc_mage_school, layout_caves, gammafunk_ghost_grave,
          uniq_urug

Skill      XL: |  1  2  3  4  5  6  7  8  9 10 11 12 13 14 15 16 |
---------------+-------------------------------------------------+-----
Fire Magic     | 4 5 6 7 8 9 10 11 12 | 12.8
Spellcasting   | 3 4 5 6 7 8 9 10 11 12 13 | 13.2
Conjurations   | 2 4 6 8 10 11 12 13 14 15 16 | 16.0
Stealth        | 3 4 5 6 |  6.5
Air Magic      | 4 6 8 10 12 13 15 | 15.2
Dodging        | 3 4 5 6 |  6.6
Fighting       | 1 2 3 4 5 |  5.5
Staves         | 1 |  1.2
Poison Magic   | 1 |  1.0
Maces & Flails | 1 3 4 5 6 |  6.9
Shields        | 1 3 4 |  4.0
Invocations    | 1 |  1.6
Hexes          | |  0.2
Translocations | |  0.7
Evocations     | |  0.7

Action                   |  1- 3 |  4- 6 |  7- 9 | 10-12 | 13-15 | 16-18 || total
-------------------------+-------+-------+-------+-------+-------+-------++-------
Melee: Staff             |       |    11 |    15 |     1 |     6 |       ||    33
       Peck              |       |     3 |     3 |    52 |    91 |     2 ||   151
       Kick              |       |     1 |     8 |    87 |   143 |     9 ||   248
       Mace              |       |       |       |   175 |   293 |    11 ||   479
 Cast: Foxfire           |    59 |   109 |   220 |   480 |   292 |       ||  1160
       Poisonous Vapours |       |       |     4 |    46 |    77 |       ||   127
       Mephitic Cloud    |       |       |     1 |    23 |    39 |       ||    63
       Sticky Flame      |       |       |       |    41 |    80 |     8 ||   129
       Dazzling Flash    |       |       |       |     8 |     7 |       ||    15
       Conjure Flame     |       |       |       |     2 |     1 |       ||     3
       Fireball          |       |       |       |     7 |   126 |    10 ||   143
       Iskenderun's Batt |       |       |       |       |    98 |    12 ||   110
       Magic Dart        |       |       |       |       |   161 |    23 ||   184
       Iskenderun's Myst |       |       |       |       |     9 |       ||     9
Evoke: Wand              |       |       |       |       |    11 |       ||    11
  Use: Scroll            |     1 |     2 |    10 |    14 |    11 |       ||    38
       Potion            |       |       |     1 |     1 |     1 |       ||     3
 Stab: Sleeping          |       |     1 |       |     2 |     5 |       ||     8
       Confused          |       |       |       |    15 |    17 |       ||    32
       Invisible         |       |       |       |       |     2 |       ||     2
       Distracted        |       |       |       |       |     1 |       ||     1
Armor: Robe              |     6 |     6 |    14 |    49 |    56 |     8 ||   139
Dodge: Dodged            |    12 |    12 |    55 |   238 |   373 |    46 ||   736
Block: Buckler           |       |       |       |    14 |   124 |    17 ||   155

Table legend: (Time is in decaauts)
 A = Elapsed time spent in this place.
 B = Non-inter-level travel time spent in this place.
 C = Inter-level travel time spent in this place.
 D = Time resting spent in this place.
 E = Time spent auto-exploring this place.
 F = Levels seen in this place.
 G = Mean time per level.
                   A        B        C        D        E       F      G
               +--------+--------+--------+--------+--------+-----+--------+
         Total |  32580 |  30631 |   1949 |   4409 |  20998 |  25 | 1303.2 |
       Dungeon |  18327 |  17106 |   1221 |   1359 |  12995 |  15 | 1221.8 |
          Lair |   5016 |   4666 |    350 |   1123 |   2689 |   3 | 1672.0 |
         Swamp |   5581 |   5368 |    213 |   1414 |   3198 |   4 | 1395.2 |
  Orcish Mines |   2877 |   2713 |    164 |    319 |   1774 |   2 | 1438.5 |
        Bailey |    777 |    777 |      0 |    193 |    340 |   1 |  777.0 |
               +--------+--------+--------+--------+--------+-----+--------+

Top non-repeatable levels by time:
    D:13: 2300 daAuts
 Swamp:3: 2226 daAuts
  Lair:2: 2073 daAuts
    D:10: 1901 daAuts
    D:12: 1807 daAuts
  Lair:1: 1707 daAuts
    D:14: 1522 daAuts
   Orc:2: 1519 daAuts
 Swamp:2: 1407 daAuts
   Orc:1: 1357 daAuts
     D:8: 1355 daAuts
     D:3: 1246 daAuts
  Lair:3: 1236 daAuts
     D:9: 1213 daAuts
     D:4: 1131 daAuts
